 Dungeon Crawl Stone Soup version 0.17-a0-2027-gcac42c4 (webtiles) character file.

410 SlimeFever the Changer (level 6, 0/38 HPs)
             Began as an Octopode Transmuter on Oct 11, 2015.
             Was an Initiate of Sif Muna.
             Slain by a scorpion (8 damage)
             ... on level 4 of the Dungeon.
             The game lasted 00:35:11 (3176 turns).

SlimeFever the Changer (Octopode Transmuter)        Turns: 3176, Time: 00:35:11

Health: 0/38       AC:  1    Str: 11    XL:     6   Next: 89%
Magic:  10/11      EV: 12    Int: 16    God:    Sif Muna [......]
Gold:   181        SH:  3    Dex: 12    Spells: 4 memorised, 1 level left

rFire  . . .     SeeInvis .       - Unarmed
rCold  . . .     Clarity  .     r - +0 buckler
rNeg   + . .     SustAt   .     (helmet restricted)
rPois  .         Gourm    .     q - amulet of warding
rElec  .         Spirit   .     (no ring)
rCorr  .         Warding  +     (no ring)
rMut   .         Stasis   .     (no ring)
MR     .....                    (no ring)
Stlth  ++++......               (no ring)
                                (no ring)
                                (no ring)
                                (no ring)

@: lethally poisoned (0 -> -7), appendage, not resistant to hostile
enchantments, stealthy
A: almost no armour, amphibious, 8 rings, constrict 8, tentacle spike 3,
camouflage 1, gelatinous body 1
a: End Transformation, Renounce Religion


You were on level 4 of the Dungeon.
You worshipped Sif Muna.
Sif Muna was noncommittal.
You were not hungry.
One of your tentacles had a temporary spike.
You visited 2 branches of the dungeon, and saw 5 of its levels.

You collected 181 gold pieces.

Inventory:

Hand Weapons
 a - a +0 hunting sling
Missiles
 d - 8 poisoned needles
 j - 58 arrows
 m - 15 sling bullets
 n - 8 javelins of penetration (quivered)
Armour
 r - a +0 buckler (worn)
Jewellery
 q - an amulet of warding (around mantle)
Scrolls
 e - 2 scrolls of fog
 g - 3 scrolls of immolation
 h - a scroll of identify
 t - a scroll of remove curse
 v - a scroll of teleportation
Potions
 f - a potion of curing
 i - a potion of heal wounds
 k - 2 potions of poison
 l - 2 potions of degeneration {unknown}
 p - 2 potions of brilliance {unknown}
 s - a potion of haste {unknown}
 u - 2 potions of berserk rage {unknown}
Books
 b - a book of Changes

   Spells                             Type                      Level
   a - Beastly Appendage              Transmutation                1
   b - Sticks to Snakes               Transmutation                2
   c - Spider Form                    Transmutation/Poison         3
   d - Ice Form                       Ice/Transmutation            4
   e - Blade Hands                    Transmutation                5
Comestibles
 o - a meat ration


   Skills:
 + Level 1.5 Fighting
 + Level 0.2 Slings
 * Level 3.0 Dodging
 * Level 3.7 Stealth
 * Level 3.9 Unarmed Combat
 * Level 3.3 Spellcasting
 * Level 4.2 Transmutations
 + Level 0.2 Poison Magic


You had one spell level left.
You knew the following spells:

 Your Spells              Type           Power        Failure   Level  Hunger
a - Beastly Appendage     Trmt           ###...       6%          1    None
b - Sticks to Snakes      Trmt           ###.......   10%         2    ##.....
c - Spider Form           Trmt/Pois      #.........   38%         3    ###....
d - Ice Form              Ice/Trmt       #.......     97%         4    ####...


Dungeon Overview and Level Annotations

Branches:
Dungeon (4/15)             Temple (1/1) D:4

Altars:
Dithmenos
Elyvilon
Gozag
Kikubaaqudgha
Nemelex Xobeh
Qazlal
Sif Muna
Vehumet
Yredelemnul


Innate Abilities, Weirdness & Mutations

You cannot wear most types of armour.
You are amphibious.
You can wear up to eight rings at the same time.
You can use your tentacles to constrict eight enemies at once.
Your skin changes colour to match your surroundings (Stealth).
Your rubbery body absorbs attacks (AC +1).
One of your tentacles bears a large vicious spike.


Message History

You feel sick.
The bat hits the fungus.
The bat hits the fungus.
The bat hits the fungus.
The scorpion barely misses you.
You tentacle-slap the scorpion. You grab the scorpion.
You pierce the scorpion, but do no damage.
The scorpion is severely wounded.
You constrict the scorpion, but do no damage.
You feel sick.
The bat hits the fungus but does no damage. x2
The scorpion stings you!
* * * LOW HITPOINT WARNING * * *
The bat hits the fungus but does no damage.
You tentacle-slap the scorpion.
You squeeze the scorpion, but do no damage.
The scorpion is severely wounded.
You constrict the scorpion.
* * * LOW HITPOINT WARNING * * *
You feel sick.
The bat hits the fungus but does no damage.
The bat hits the fungus.
The scorpion stings you!
You die...

#....................##
#†################...#
#.## .....# #..###
.....# ##...### ....#
####..### ....# ###..##
..+ ###††.###
###P@PP.P.#
#..s#P.PP.P.#
#...#^###....P..#
###..))...^....P.
....#.#)...PP.P
#P##P#)..#P..### ## .b#
###.b.# ### ####


You could see a scorpion and a bat.

Vanquished Creatures
  An ogre (D:4)
  A scorpion (D:4)
  An orc priest (D:3)
  A jelly (D:3)
  An orc wizard (D:3)
  3 gnolls (D:2)
  7 adders
  A worm (D:2)
  4 giant geckos
  4 orcs (D:3)
  10 bats
  3 giant cockroaches
  6 hobgoblins
  6 jackals
  A quokka (D:4)
  2 ball pythons
  4 giant newts
  6 goblins
  3 kobolds
  7 rats
  2 bushes (D:2)
74 creatures vanquished.

Vanquished Creatures (collateral kills)
  A worker ant (D:4)
  A worm (D:3)
  2 orcs (D:3)
  A jackal (D:3)
5 creatures vanquished.

Grand Total: 79 creatures vanquished

Notes
Turn   | Place    | Note
--------------------------------------------------------------
     0 | D:1      | SlimeFever the Octopode Transmuter began the quest for the Orb.
     0 | D:1      | Reached XP level 1. HP: 13/13 MP: 3/3
   107 | D:1      | Reached XP level 2. HP: 11/18 MP: 3/5
   509 | D:1      | Reached skill level 1 in Stealth
   795 | D:2      | Reached XP level 3. HP: 16/23 MP: 3/6
   823 | D:2      | Learned a level 2 spell: Sticks to Snakes
   827 | D:2      | Learned a level 3 spell: Spider Form
  1265 | D:2      | Reached XP level 4. HP: 7/28 MP: 0/7
  2066 | D:3      | Reached XP level 5. HP: 31/33 MP: 4/9
  2574 | D:4      | Reached XP level 6. HP: 26/38 MP: 7/10
  2805 | D:4      | Found a staircase to the Ecumenical Temple.
  2810 | Temple   | Entered the Ecumenical Temple
  2880 | Temple   | Became a worshipper of Sif Muna the Loreminder
  3011 | D:4      | Reached skill level 4 in Transmutations
  3036 | D:4      | Learned a level 4 spell: Ice Form
  3176 | D:4      | Slain by a scorpion

Vault maps used:
D:1:      minmay_arrival_five_plusses, grunt_decor_arrowhead, minivault_26,
          st_stairs_6, lemuel_flame_loot_1
D:2:      serial_forest, infiniplex_forest_lined_ring,
          infiniplex_forest_lined_room_3, infiniplex_forest_straight_1,
          infiniplex_forest_fountain, infiniplex_forest_corner_1,
          infiniplex_forest_clump_medium, infiniplex_forest_clump_diagonal,
          minmay_bad_closet, minmay_misc_feat_room
D:4:      old_forge, minmay_temple_entry_nine_rooms
Temple:   bh_familiar_temple

Action                   |  1- 3 |  4- 6 || total
-------------------------+-------+-------++-------
Melee: Unarmed           |    69 |   269 ||   338
 Fire: Hunting sling     |       |     3 ||     3
 Cast: Beastly Appendage |    22 |    23 ||    45
       Sticks to Snakes  |     3 |     7 ||    10
       Spider Form       |       |     4 ||     4
  Use: Scroll            |     6 |     4 ||    10
       Potion            |       |     2 ||     2
 Stab: Sleeping          |     5 |     1 ||     6
  Eat: Meat ration       |       |     1 ||     1
       Pizza             |       |     1 ||     1
       Chunk             |       |     1 ||     1
       Bread ration      |       |     1 ||     1
